 Dungeon Crawl Stone Soup version 0.30-a0-782-ge64f9170bb (webtiles) character file.

Game seed: 5336526018615657075

2 Jane the Grasshopper (level 1, 0/9 HPs)
             Began as a Felid Warper on Feb 23, 2023.
             Constricted to death by a ball python (1 damage)
             ... on level 1 of the Dungeon.
             The game lasted 00:00:51 (108 turns).

Jane the Grasshopper (Felid Warper)                  Turns: 108, Time: 00:00:51

Health: 0/9        AC:  1    Str:  7    XL:     1   Next: 33%
Magic:  4/4        EV: 14    Int: 14    God:
Gold:   5          SH:  0    Dex: 15    Spells: 4/4 levels left
                                        Lives:  0   Deaths: 0

rFire   . . .      SeeInvis +      - Unarmed
rCold   . . .      Faith    .    (shield unavailable)
rNeg    . . .      Spirit   .    (body armour unavailable)
rPois   .          Reflect  .    (helmet unavailable)
rElec   .          Harm     .    (cloak unavailable)
rCorr   .          Rampage  .    (gloves unavailable)
Will    .....                    (boots unavailable)
Stlth   +                        (no amulet)
HPRegen 0.21/turn                (no ring)
MPRegen 0.09/turn                (no ring)

@: constricted, quick
A: very small, claws 1, fangs 3, see invisible, speed 1, shaggy fur 1, stealthy
paws, no weapons or thrown items, no armour, multi-lived
a: no special abilities


You were on level 1 of the Dungeon.
You visited 1 branch of the dungeon, and saw 1 of its levels.

You collected 5 gold pieces.

Inventory:

Scrolls
 a - a scroll of blinking
Potions
 b - 2 potions of curing {unknown}
 c - a potion of mutation {unknown}


   Skills:
 - Level 2.0 Fighting
 + Level 3.3 Dodging
 - Level 2.0 Unarmed Combat
 - Level 2.0 Spellcasting
 - Level 4.4 Translocations


You had 4 spell levels left.
You didn't know any spells.
Your spell library contained the following spells:

 Spells                   Type           Power      Damage    Failure   Level
 Blink                    Tloc           26%        N/A       6%          2
 Lesser Beckoning         Tloc           26%        N/A       6%          2
 Teleport Other           Tloc           13%        N/A       12%         3
 Vhi's Electric Charge    Tloc/Air       14%        N/A       28%         3
 Manifold Assault         Tloc           13%        N/A       36%         4


Dungeon Overview and Level Annotations

Branches:
Dungeon (1/15)

Altars:


Innate Abilities, Weirdness & Mutations

You have sharp claws.
You have razor-sharp teeth.
You have supernaturally acute eyesight. (SInv)
You cover ground quickly. (Speed+)
You are covered in fur. (AC +1)
Your paws help you pounce on unaware monsters.
You are incapable of wielding weapons or throwing items.
You cannot wear armour.
You gain extra lives every three experience levels.


Message History

c - a fizzy amethyst potion
Found a stone staircase leading down.
A goblin comes into view. It is wielding a +0 club.
A ball python comes into view.
Found 4 gold pieces.
There is a stone staircase leading down here.
The ball python hisses angrily.
The goblin shouts!
The ball python misses you. x2
You closely miss the goblin. The goblin misses you.
The ball python barely misses you. The ball python closely misses you.
You closely miss the goblin. Your bite misses the goblin.
The goblin completely misses you. The ball python bites you.
The ball python completely misses you.
You barely miss the goblin. The ball python misses you.
The ball python closely misses you. The goblin hits you but does no damage.
You barely miss the goblin. The ball python bites you.
The ball python grabs you. The ball python constricts you.
The goblin hits you but does no damage.
You closely miss the goblin. You bite the goblin.
The goblin is severely wounded.
The ball python bites you but does no damage.
The ball python constricts you. The goblin barely misses you.
The ball python misses you. The ball python constricts you.
You scratch the goblin.
You kill the goblin!
The ball python closely misses you. The ball python constricts you.
You scratch the ball python.
The ball python is severely wounded.
The ball python bites you but does no damage.
The ball python constricts you.
* * * LOW HITPOINT WARNING * * *
You closely miss the ball python.
The ball python is severely wounded.
The ball python barely misses you. The ball python constricts you.
* * * LOW HITPOINT WARNING * * *
You scratch the ball python but do no damage.
The ball python is severely wounded.
The ball python barely misses you. The ball python constricts you.
You die...

###### #....#
#....#
####....#
#>..@)..#
#...S##.#
#.##$.#
#.###.... #.#
##.# #.# .#
#.# #
#####.#####.#
#...#.......#


You could see a ball python.

Vanquished Creatures
  An endoplasm (D:1)
  A goblin (D:1)
  A rat (D:1)
3 creatures vanquished.

Notes
Turn   | Place    | Note
-------+----------+-------------------------------------------
     0 | D:1      | Jane the Felid Warper began the quest for the Orb.
     0 | D:1      | Reached XP level 1. HP: 9/9 MP: 4/4
   108 | D:1      | Constricted to death by a ball python

Illustrated notes

Levels and vault maps discovered:
D:1:      onia_arrival_pentagram, layout_basic

Action                     || total
---------------------------++-------
  Melee: Unarmed           ||    14
         Bite              ||     2
         Punch             ||     1
 Armour: Skin              ||     5
  Dodge: Dodged            ||    15

Table legend: (Time is in decaauts)
 A = Elapsed time spent in this place.
 B = Non-inter-level travel time spent in this place.
 C = Inter-level travel time spent in this place.
 D = Time resting spent in this place.
 E = Time spent auto-exploring this place.
 F = Levels seen in this place.
 G = Mean time per level.
                   A        B        C        D        E       F      G
               +--------+--------+--------+--------+--------+-----+--------+
         Total |     89 |     89 |      0 |      0 |      0 |   1 |   89.0 |
       Dungeon |     89 |     89 |      0 |      0 |      0 |   1 |   89.0 |
               +--------+--------+--------+--------+--------+-----+--------+

Top non-repeatable levels by time:
     D:1: 89 daAuts
